Map: Green Acres

Players

Erfeyah - Winner!

  • Race: Terran Terran
  • Spawn Location: 6:00

VOD

Have the link to the VOD?

Description

Time

  • Played on: Nov. 27, 2017, 8:12 a.m.
  • Length: 11:49
Show
View Real Time Build Order
Export as new Build Order

Erfeyah Terran - Winner!

Build Orders:  

Get SALT Encoding   

  12  0:07  SCV  
  12  0:20  Supply Depot  
  12  0:35  Supply Depot  
  12  0:43  SCV  
  12  0:58  Supply Depot  
  12  1:02  SCV  
  12  1:03  Barracks  
  12  1:15  Refinery  
  12  1:19  SCV  
  12  1:20  Supply Depot  
  12  1:31  SCV  
  12  1:52  Barracks  
  12  1:53  Marine  
  12  2:19  SCV, Marine  
  12  2:50  SCV, Marine  
  12  2:51  Marine  
  12  3:02  SCV  
  12  3:08  Marine  
  12  3:09  Marine  
  12  3:14  SCV  
  12  3:26  SCV  
  12  3:31  Factory  
  12  3:38  SCV  
  12  3:39  Marine  
  12  3:40  Marine  
  12  3:55  Supply Depot  
  12  3:57  Marine  
  12  3:58  Marine  
  12  4:09  SCV  
  12  4:18  Supply Depot, Command Center  
  12  4:32  SCV, Barracks  
  12  4:34  Marine x2  
  12  4:40  Supply Depot  
  12  4:45  SCV  
  12  4:52  Marine  
  12  4:57  SCV  
  12  5:03  Marine  
  12  5:09  SCV  
  12  5:10  Marine  
  12  5:20  Starport  
  12  5:21  Marine  
  12  5:37  Starport  
  12  5:52  SCV x2  
  12  5:56  Marine  
  12  5:57  Marine  
  12  6:04  SCV  
  12  6:14  Marine  
  12  6:15  Starport, Marine  
  12  6:16  SCV  
  12  6:19  Refinery  
  12  6:28  SCV  
  12  6:32  Marine x2  
  12  6:37  SCV  
  12  6:38  Marine  
  12  6:41  SCV  
  12  6:50  Marine x2  
  12  6:54  Medivac  
  12  6:55  Medivac  
  12  6:56  Marine  
  12  7:08  Marine x2  
  12  7:14  Marine  
  12  7:25  SCV x2  
  12  7:26  Marine x2  
  12  7:28  Medivac  
  12  7:32  Marine  
  12  7:37  SCV x2  
  12  7:43  Marine  
  12  11:10  Supply Depot  
  12  11:33  Supply Depot  
Tags
 
Add a new tag
Caveats
  • Supply blocks, unpowered buildings, or Contaminate may cause inaccurate times.
  • Supply counts are checked every 10 seconds.